 Dungeon Crawl Stone Soup version 0.17.0-1-g61d176b (webtiles) character file.

84 oplop the Cutter (level 4, -1/23 HPs)
             Began as a Vine Stalker Gladiator on Nov 7, 2015.
             Slain by a gnoll
             ... wielding a +0 halberd
              (10 damage)
             ... on level 2 of the Dungeon.
             The game lasted 00:02:05 (954 turns).

oplop the Cutter (Vine Stalker Gladiator)            Turns: 954, Time: 00:02:06

Health: -1/23      AC:  5    Str: 15    XL:     4   Next: 46%
Magic:  0/5        EV: 13    Int:  8    God:
Gold:   50         SH:  0    Dex: 15    Spells: 0 memorised, 3 levels left

rFire  . . .     SeeInvis +     a - +1 rapier
rCold  . . .     Clarity  .     b - +0 leather armour
rNeg   . . .     SustAt   .     (no shield)
rPois  .         Gourm    .     c - +1 helmet
rElec  .         Spirit   +     (no cloak)
rCorr  .         Warding  .     (no gloves)
rMut   .         Stasis   .     (no boots)
MR     .....                    (no amulet)
Stlth  +.........               q - ring of see invisible
                                p - -3 ring of strength

@: not resistant to hostile enchantments, very unstealthy
A: fangs 2, regeneration 1, magic shield, antimagic bite, no device heal 3, rot
immunity
a: no special abilities


You were on level 2 of the Dungeon.
You were not hungry.

You visited 1 branch of the dungeon, and saw 2 of its levels.

You collected 50 gold pieces.

Inventory:

Hand Weapons
 a - a +1 rapier (weapon)
Missiles
 d - 3 throwing nets (quivered)
 g - 9 poisoned needles
Armour
 b - a +0 leather armour (worn)
 c - a +1 helmet (worn)
Jewellery
 p - a -3 ring of strength (left hand)
 q - a ring of see invisible (right hand)
Scrolls
 f - a scroll of enchant weapon
 j - a scroll of noise {unknown}
 l - 2 scrolls of identify
 o - 3 scrolls of amnesia
Potions
 h - a potion of flight
Comestibles
 e - 3 bread rations
 i - a beef jerky


   Skills:
 + Level 2.4 Fighting
 + Level 3.2 Short Blades
 + Level 2.6 Throwing
 + Level 2.9 Dodging


You had 3 spell levels left.
You didn't know any spells.

Dungeon Overview and Level Annotations

Branches:
Dungeon (2/15)

Altars:
Dithmenos
Fedhas
Makhleb
Qazlal


Innate Abilities, Weirdness & Mutations

You have extremely sharp teeth.
Your natural rate of healing is unusually fast.
When hurt, damage is shared between your health and your magic reserves.
Your bite disrupts and absorbs the magic of your enemies.
Potions and wands cannot restore your health.
You are immune to rotting.


Message History

The gnoll is almost dead.
The gnoll hits you but does no damage.
You barely miss the gnoll.
The gnoll is almost dead.
The gnoll misses you.
A goblin comes into view.
The goblin shouts!
You hit the gnoll.
You kill the gnoll!
You hit the gnoll but do no damage. Your bite misses the gnoll.
The gnoll barely misses you.
You barely miss the gnoll. The gnoll hits you but does no damage.
You hit the gnoll. You bite the gnoll, but do no damage.
The gnoll is lightly wounded.
The gnoll hits you from afar with a halberd.
You hit the gnoll.
The gnoll is moderately wounded.
The gnoll misses you.
The gnoll hits you from afar with a halberd!
You die...

#.##.#.#####.# #....# #..# #
###....#.......###....####..#(...
....................†.†..........
..........gg..g.#..#######..#....
###############g#..# #..#....
#.#..# #..# ... #..g.# #..# #..
############g## #..# .< ###
#........g.@g# #..# ..#
#......†.....# ..# ..#
#......††....# ..##
#............# ....
.............# ..##
#............# ..# ##.######.##.#
..# #. #.##.# ..# . #.##.#


You could see 3 gnolls and a goblin.

Vanquished Creatures
  A gnoll (D:2)
  4 adders (D:2)
  2 giant geckos (D:1)
  A giant cockroach (D:2)
  7 goblins
  5 hobgoblins
  4 jackals
  2 kobolds
  2 quokkas (D:2)
  4 bats
  A giant newt (D:2)
  3 rats
36 creatures vanquished.

Notes
Turn   | Place    | Note
--------------------------------------------------------------
     0 | D:1      | oplop the Vine Stalker Gladiator began the quest for the Orb.
     0 | D:1      | Reached XP level 1. HP: 11/11 MP: 2/2
   126 | D:1      | Reached XP level 2. HP: 15/15 MP: 3/3
   563 | D:2      | Reached XP level 3. HP: 12/18 MP: 2/4
   681 | D:2      | Found a blossoming altar of Fedhas.
   682 | D:2      | Found a stormy altar of Qazlal.
   682 | D:2      | Found a burning altar of Makhleb.
   682 | D:2      | Found a shadowy altar of Dithmenos.
   770 | D:2      | Reached skill level 3 in Short Blades
   770 | D:2      | Reached XP level 4. HP: 21/23 MP: 5/5
   909 | D:2      | HP: 1/23 [gnoll (2)]
   954 | D:2      | Slain by a gnoll

Action                   |  1- 3 |  4- 6 || total
-------------------------+-------+-------++-------
Melee: Rapier            |   103 |    37 ||   140
  Use: Scroll            |     7 |       ||     7
 Stab: Sleeping          |     1 |       ||     1
